 Dungeon Crawl Stone Soup version 0.26.1-2-gb8aa6d0cf2 (webtiles) character file.

Game seed: 4972911140525355677

6201 panicbit the Blocker (level 10, -2/88 HPs)
             Began as a Minotaur Fighter on Mar 13, 2021.
             Was an Elder of Okawaru.
             Killed by nerve-wracking pain
             ... invoked by a shadow imp
              (7 damage)
             ... on level 8 of the Dungeon.
             The game lasted 00:28:56 (6882 turns).

panicbit the Blocker (Minotaur Fighter)             Turns: 6882, Time: 00:28:57

Health: -2/88      AC: 14    Str: 28    XL:     10   Next: 61%
Magic:  8/9        EV:  9    Int:  5    God:    Okawaru [****..]
Gold:   29         SH: 18    Dex: 12    Spells: 9/9 levels left

rFire    + + .     SeeInvis .   L - +8 scimitar (flame)
rCold    + + .     Faith    .   c - +0 kite shield
rNeg     . . .     Spirit   .   D - +2 chain mail {rF+}
rPois    +         Reflect  +   (helmet restricted)
rElec    .         Harm     .   (no cloak)
rCorr    .         Rampage  .   (no gloves)
Will     .....                  B - +0 pair of boots
Stlth    ..........             p - amulet of reflection
HPRegen  0.24/turn              o - +6 ring of strength
MPRegen  0.11/turn              I - ring "Usossam" {*Contam rPois rF+ rC++ Slay+3}

@: mighty, lethally poisoned (-2 -> -5)
A: retaliatory headbutt, horns 2
a: Renounce Religion, Heroism


You were on level 8 of the Dungeon.
You worshipped Okawaru.
Okawaru was greatly pleased with you.
You visited 2 branches of the dungeon, and saw 9 of its levels.

You collected 379 gold pieces.
You spent 350 gold pieces at shops.

Inventory:

Hand Weapons
 a - a +0 war axe
 x - the +4 falchion of the Radish {protect, rF+ rC+ Int+4}
   (You found it on level 4 of the Dungeon)

   It grants its wielder temporary protection when it strikes (+7 to AC).
   It affects your intelligence (+4).
   It protects you from fire.
   It protects you from cold.
 L - a +8 scimitar of flaming (weapon)
Armour
 c - a +0 kite shield (worn)
 B - a +0 pair of boots (worn)
 D - a +2 chain mail of fire resistance (worn)
Jewellery
 f - an uncursed amulet of the acrobat
 h - an uncursed ring of see invisible
 i - a +4 ring of protection
 o - a +6 ring of strength (left hand)
 p - an amulet of reflection (around neck)
 H - an uncursed ring of fire
 I - the ring "Usossam" (right hand) {*Contam rPois rF+ rC++ Slay+3}
   (You took it off a wight on level 7 of the Dungeon)

   [ring of protection from fire]

   It affects your accuracy and damage with ranged weapons and melee attacks
   (+3).
   It protects you from fire.
   It greatly protects you from cold.
   It protects you from poison.
   It causes magical contamination when unequipped.
 J - an uncursed ring of stealth
Wands
 g - a wand of enslavement (11)
Scrolls
 j - 5 scrolls of remove curse
 k - 3 scrolls of blinking
 n - 4 scrolls of amnesia
 r - a scroll of magic mapping
 s - a scroll of fear
 w - a scroll of silence
 y - 2 scrolls of random uselessness
 E - a scroll of teleportation
 F - 2 scrolls of fog
 K - a scroll of immolation
Potions
 b - 3 potions of ambrosia {unknown}
 d - a potion of might
 e - 3 potions of lignification {unknown}
 l - 3 potions of brilliance {unknown}
 m - a potion of flight {unknown}
 q - 2 potions of heal wounds {unknown}
 t - a potion of attraction {unknown}
 u - 2 potions of degeneration {unknown}
 v - 2 potions of resistance
 C - 5 potions of curing {unknown}
 G - a potion of berserk rage {unknown}


   Skills:
 + Level 8.2 Fighting
 + Level 10.6 Long Blades
 + Level 4.9 Axes
 + Level 8.0 Armour
 + Level 3.6 Dodging
 + Level 1.2 Stealth
 + Level 11.0 Shields


You had 9 spell levels left.
You didn't know any spells.
Your spell library contained the following spells:

 Spells                   Type           Power        Failure   Level
 Animate Skeleton         Necr           0%           99%         1
 Apportation              Tloc           0%           99%         1
 Corona                   Hex            0%           99%         1
 Summon Small Mammal      Summ           0%           99%         1


Dungeon Overview and Level Annotations

Branches:
Dungeon (8/15)             Temple (1/1) D:6
   Lair: D:8-11

Altars:
Ashenzari
Cheibriados
Dithmenos
Elyvilon
Fedhas
Gozag
Hepliaklqana
Kikubaaqudgha
Makhleb
Nemelex Xobeh
Okawaru
Qazlal
Ru
Sif Muna
Trog
Uskayaw
Vehumet
Wu Jian
Xom
Yredelemnul
Zin
The Shining One

Shops:
D:4 ((=   D:5 =?[[!   D:8 *

Annotations:
D:8 1 transporter


Innate Abilities, Weirdness & Mutations

You reflexively headbutt those who attack you in melee.
You have a pair of horns on your head.


Message History

You kill the white imp!
You feel sick. You block the shadow imp's attack.
The orc priest calls down the wrath of Beogh upon you.
You struggle to resist.
You slice the shadow imp!! You burn the shadow imp.
You kill the shadow imp!
You feel sick.
The orc priest mumbles some strange prayers to Beogh against you.
Beogh smites you!
* * * LOW HITPOINT WARNING * * *
The shadow imp gestures at you.
You struggle to resist.
The orc priest looks satisfied for a moment.
Why would you want to do that?
You feel sick. The shadow imp gestures at you.
You struggle to resist.
The shadow imp gestures at you. Pain shoots through your body!
You die...

.##)#
#.#8P$©$P8#.#.....#
.##.#
#.#≈.[.(.≈#.#######
.##.# #.####+####.#
.##.# #.#.≈...≈.#.#
....# #.#.≈...≈.#.#
##### #.#.≈≈≈≈≈.#.#
#.#.≈≈⌠≈≈5#.##########
#.#5≈P≈≈≈o#.##.......#
#.#5≈@..≈K#.##........
#.#o≈...≈5#.##........
#.####'####.##....(...
#.#P.....P#.##........
#.#8P.©.P8#........).#
#.#########..####.....
#.....©......# #.....
#####........# #.....
##...##### #.....


You could see a kobold demonologist, 2 orc priests and 4 shadow imps.

Vanquished Creatures
  Harold (D:8)
  Erica (D:8)
  A deep elf knight (D:8)
  The ghost of Nebesus the Bolt Thrower, a novice FoHu of Okawaru (D:6)
  Maggie (D:7)
  Grinder (D:6)
  Prince Ribbit (D:8)
  Grum (D:8)
  An orc warrior (D:8)
  3 ice beasts
  A phantom (D:7)
  2 sky beasts
  2 centaurs
  An ogre (D:4)
  2 wolves (D:8)
  2 bullfrogs
  A water moccasin zombie (D:6)
  3 scorpions
  4 killer bees (D:8)
  6 howler monkeys
  8 wights
  4 hounds
  3 jellies
  A bullfrog skeleton (D:5)
  A bullfrog zombie (D:5)
  Crazy Yiuf (D:6)
  4 orc wizards
  An orc priest (D:2)
  2 iguanas (D:5)
  3 worker ants
  2 hound zombies (D:8)
  A worker ant zombie (D:7)
  A howler monkey zombie (D:7)
  7 adders
  7 gnolls
  A hound simulacrum (D:6)
  A shadow imp (D:5)
  5 white imps
  An ufetubus (D:6)
  An ooze (D:1)
  2 worms (D:4)
  A dart slug (D:2)
  3 leopard geckos
  21 orcs
  4 giant cockroaches
  9 goblins
  6 hobgoblins
  11 jackals
  9 kobolds
  2 quokkas
  A ball python (D:2)
  6 bats
  6 frilled lizards
  A leopard gecko zombie (D:6)
  A quokka simulacrum (D:6)
  2 quokka skeletons
  5 rats
181 creatures vanquished.

Vanquished Creatures (others)
  7 plants (D:6)
7 creatures vanquished.

Grand Total: 188 creatures vanquished

Notes
Turn   | Place    | Note
-------+----------+-------------------------------------------
     0 | D:1      | panicbit the Minotaur Fighter began the quest for the Orb.
     0 | D:1      | Reached XP level 1. HP: 19/19 MP: 0/0
   101 | D:1      | Reached XP level 2. HP: 19/27 MP: 1/1
   276 | D:1      | Reached skill level 4 in Shields
   675 | D:1      | Reached XP level 3. HP: 30/33 MP: 2/2
   877 | D:2      | Found a shimmering blue altar of Sif Muna.
  1264 | D:2      | Reached XP level 4. HP: 12/41 MP: 3/3
  1721 | D:3      | Reached XP level 5. HP: 46/47 MP: 4/4
  1899 | D:3      | You fall into a shaft and drop 1 floor!
  1899 | D:4      | Noticed an ogre
  1923 | D:4      | Killed an ogre
  1924 | D:4      | Reached skill level 5 in Fighting
  1924 | D:4      | Reached skill level 1 in Dodging
  1924 | D:4      | Reached skill level 5 in Shields
  1924 | D:4      | Reached XP level 6. HP: 31/56 MP: 5/5
  2183 | D:4      | Found Guilefol's Antique Weapon Shop.
  2187 | D:4      | Got a fine falchion
  2188 | D:4      | Identified the +4 falchion of the Radish {protect, rF+ rC+
                  | Int+4} (You found it on level 4 of the Dungeon)
  2269 | D:4      | Found Urhol's Jewellery Emporium.
  2272 | D:4      | Found Omeykhlal's Weapon Boutique.
  2496 | D:3      | Reached skill level 5 in Armour
  2519 | D:3      | Reached XP level 7. HP: 62/62 MP: 6/6
  2722 | D:3      | Reached skill level 6 in Shields
  2728 | D:3      | Reached skill level 1 in Long Blades
  3195 | D:5      | Entered Level 5 of the Dungeon
  3486 | D:5      | Reached skill level 1 in Stealth
  3570 | D:5      | Found Tiguety's Jewellery Emporium.
  3587 | D:5      | Found a glowing silver altar of Zin.
  3686 | D:5      | Found Ciar's Magic Scroll Emporium.
  3691 | D:5      | Bought a scroll of enchant weapon for 105 gold pieces
  3691 | D:5      | Bought a scroll of enchant weapon for 105 gold pieces
  3691 | D:5      | Bought a scroll of identify for 28 gold pieces
  3736 | D:5      | Found Vishrisk's Antique Armour Shop.
  3742 | D:5      | Found Mabu's Antique Armour Emporium.
  3778 | D:5      | Found Inocowau's Distillery.
  4005 | D:6      | Found a hide-covered altar of Uskayaw.
  4009 | D:6      | Noticed a +0 dagger
  4009 | D:6      | Noticed a +0 hand axe
  4051 | D:6      | Found a runed translucent gate.
  4051 | D:6      | Found a runed translucent gate.
  4051 | D:6      | Found a runed translucent gate.
  4078 | D:6      | Noticed Nebesus's ghost (novice FoHu)
  4180 | D:6      | Found a runed translucent door.
  4181 | D:6      | Noticed Crazy Yiuf
  4246 | D:6      | Reached skill level 7 in Shields
  4298 | D:6      | Killed Crazy Yiuf
  4299 | D:6      | Reached XP level 8. HP: 68/70 MP: 7/7
  4368 | D:6      | Found a staircase to the Ecumenical Temple.
  4368 | D:6      | Noticed Grinder
  4388 | D:6      | Killed Grinder
  4400 | Temple   | Entered the Ecumenical Temple
  4534 | Temple   | Became a worshipper of Warmaster Okawaru
  4637 | D:6      | Reached skill level 5 in Long Blades
  5022 | D:6      | Killed Nebesus's ghost
  5023 | D:6      | Reached skill level 8 in Shields
  5023 | D:6      | Reached XP level 9. HP: 74/78 MP: 8/8
  5140 | D:6      | Reached * piety under Okawaru
  5442 | D:7      | Identified the ring "Usossam" {*Contam rPois rF+ rC++
                  | Slay+3}
  5557 | D:7      | Noticed Maggie
  5587 | D:7      | Killed Maggie
  5587 | D:7      | Reached ** piety under Okawaru
  5588 | D:7      | Reached skill level 9 in Shields
  5630 | D:7      | Found a blossoming altar of Fedhas.
  5656 | D:7      | Found a blossoming altar of Fedhas.
  5723 | D:7      | Found a shimmering altar of Xom.
  5907 | D:8      | Noticed Grum
  5923 | D:8      | Killed Grum
  5999 | D:8      | Found Istodwau's General Store.
  6034 | D:8      | Bought a scroll of enchant weapon for 112 gold pieces
  6183 | D:8      | Reached XP level 10. HP: 86/86 MP: 9/9
  6286 | D:8      | Found a transporter.
  6289 | D:8      | Noticed a deep elf knight
  6305 | D:8      | Noticed Harold
  6308 | D:8      | Noticed Prince Ribbit
  6321 | D:8      | Killed Harold
  6321 | D:8      | Reached *** piety under Okawaru
  6322 | D:8      | Reached skill level 10 in Shields
  6325 | D:8      | Killed Prince Ribbit
  6326 | D:8      | Reached skill level 10 in Long Blades
  6705 | D:8      | Noticed Erica
  6722 | D:8      | Killed Erica
  6834 | D:8      | Found a transporter.
  6860 | D:8      | Noticed a sixfirhy
  6861 | D:8      | Noticed a sixfirhy
  6866 | D:8      | Noticed an orange demon
  6875 | D:8      | Killed a deep elf knight
  6875 | D:8      | Reached **** piety under Okawaru
  6876 | D:8      | Reached skill level 11 in Shields
  6882 | D:8      | Killed from afar by a shadow imp

Illustrated notes

Levels and vault maps discovered:
D:1:      lemuel_arrival_funnel, layout_basic, minmay_octomino_e4
D:2:      layout_loops_ring, lemuel_blue_sif_altar
D:3:      layout_basic
D:4:      layout_basic, serial_shops, nicolae_shop_crystal, shop,
          nicolae_shop_statue_plus
D:5:      layout_loops_cross, zin_statuary, serial_shops, shop, shop, shop,
          shop, nicolae_shop_trees
D:6:      layout_loops_ring, dancing_weapons_uskayaw,
          minmay_temple_entry_overgrown, gammafunk_ghost_icy, st_stairs_3,
          grunt_decor_junction, uniq_crazy_yiuf_cottage, uniq_grinder
D:7:      layout_rooms, kennysheep_little_box, lemuel_round_altar,
          fedhas_altar_3, uniq_maggie
D:8:      gammafunk_wand_slinger, layout_basic, serial_shops, shop, uniq_harold,
          uniq_grum, uniq_prince_ribbit1, uniq_erica
Temple:   compressed_dpeg_circular_temple

Skill      XL: |  1  2  3  4  5  6  7  8  9 10 |
---------------+-------------------------------+-----
Armour         | 4 5 6 7 8 |  8.0
Fighting       | 4 5 6 7 8 |  8.2
Shields        | 4 5 7 8 9 11 | 11.0
Axes           | 3 4 |  4.9
Dodging        | 1 2 3 |  3.6
Long Blades    | 3 7 9 10 | 10.6
Stealth        | 1 |  1.2

Action                   |  1- 3 |  4- 6 |  7- 9 | 10-12 || total
-------------------------+-------+-------+-------+-------++-------
Melee: War axe           |    87 |    45 |       |       ||   132
       Headbutt          |    11 |    23 |    70 |     9 ||   113
       Falchion          |       |    64 |   330 |    33 ||   427
       Scimitar          |       |       |       |    15 ||    15
Invok: Heroism           |       |       |       |     1 ||     1
  Use: Scroll            |       |       |     4 |    12 ||    16
       Potion            |       |       |       |     1 ||     1
Armor: Scale mail        |    32 |     1 |       |       ||    33
       Chain mail        |       |    58 |    96 |    12 ||   166
Dodge: Dodged            |    18 |    20 |    52 |     8 ||    98
Block: Kite shield       |    51 |   114 |   254 |    33 ||   452
       Reflection        |     2 |     2 |    11 |     3 ||    18
       Rpst.: Falchion   |       |     3 |    14 |     2 ||    19
       Scimitar          |       |       |       |     1 ||     1
